 Dungeon Crawl Stone Soup version 0.29-a0-551-gffc1d7fb78 (webtiles) character file.

Game seed: 5365037175961185057

186 NateTC the Cleaver (level 5, 0/42 HPs)
             Began as a Hill Orc Gladiator on June 6, 2022.
             Succumbed to an adder's poison
             ... on level 2 of the Dungeon.
             The game lasted 00:03:16 (2262 turns).

NateTC the Cleaver (Hill Orc Gladiator)             Turns: 2262, Time: 00:03:16

Health: 0/42       AC:  7    Str: 19    XL:     5   Next: 65%
Magic:  5/5        EV: 10    Int:  8    God:
Gold:   94         SH:  0    Dex: 12    Spells: 4/4 levels left

rFire   . . .      SeeInvis .   a - +0 war axe
rCold   . . .      Faith    +   (no shield)
rNeg    . . .      Spirit   .   g - +0 scale mail
rPois   .          Reflect  .   c - +0 helmet
rElec   .          Harm     .   (no cloak)
rCorr   .          Rampage  .   (no gloves)
Will    .....                   (no boots)
Stlth   ..........              f - amulet of faith
HPRegen 0.14/turn               (no ring)
MPRegen 0.09/turn               (no ring)

@: lethally poisoned (0 -> -2)
A: no striking features
a: no special abilities


You were on level 2 of the Dungeon.
You visited 1 branch of the dungeon, and saw 2 of its levels.

You collected 94 gold pieces.

Inventory:

Hand Weapons
 a - a +0 war axe (weapon)
Missiles
 d - 2 throwing nets (quivered)
 e - a javelin
Armour
 c - a +0 helmet (worn)
 g - a +0 scale mail (worn)
Jewellery
 f - an amulet of faith (around neck)
Scrolls
 l - a scroll of vulnerability {unknown}
Potions
 b - a potion of attraction {unknown}
 h - a potion of berserk rage {unknown}
 i - a potion of curing {unknown}
 j - a potion of degeneration {unknown}
 k - a potion of might {unknown}


   Skills:
 - Level 2.4 Fighting
 * Level 8.1 Axes
 - Level 1.7 Throwing
 - Level 2.4 Dodging


You had 4 spell levels left.
You didn't know any spells.
Your spell library contained the following spells:

 Spells                   Type           Power      Damage    Failure   Level
 Sting                    Tmut/Pois      0%         1d3       80%         1
 Poisonous Vapours        Pois/Air       0%         N/A       91%         2
 Inner Flame              Hex/Fire       0%         N/A       99%         3
 Cause Fear               Hex            0%         N/A       100%        4
 Olgreb's Toxic Radiance  Pois           0%         N/A       100%        4
 Discord                  Hex            0%         N/A       100%        8


Dungeon Overview and Level Annotations

Branches:
Dungeon (2/15)

Altars:

Shops:
D:1 =   D:2 =

Annotations:
D:2 Sigmund


Message History

Sigmund shouts!
You hear an angry hiss.
An adder comes into view.
There are monsters nearby!
You barely miss the adder. The adder barely misses you.
There are monsters nearby!
You barely miss the adder. The adder closely misses you.
Sigmund hits you from afar with a +0 scythe!
The adder closely misses you.
There are monsters nearby!
You slash the adder!
The adder is severely wounded.
The adder barely misses you.
Sigmund casts a spell.
Sigmund flickers and vanishes!
Deactivating autopickup; reactivate with Ctrl-A.
You hit the adder but do no damage.
The adder is severely wounded.
The adder barely misses you. Something hits you.
The adder bites you but does no damage.
You hit the adder but do no damage.
The adder is severely wounded.
The adder bites you.
You are poisoned.
The adder poisons you! Something hits you!
You are too injured to fight recklessly!
You are too injured to fight recklessly!
You completely miss the adder.
The adder is severely wounded.
You feel sick. The adder bites you but does no damage.
You hit the adder.
You kill the adder!
You feel sick. Something hits you.
You feel sick. Something hits you!
* * * LOW HITPOINT WARNING * * *
You see here an adder corpse.
You closely miss something.
* * * LOW HITPOINT WARNING * * *
You feel sick.
You slash something!
You die...

##...#......... #.
#..#...#.....###..
##.##.#...###.... #
#.8.##....#......
##.####.####...#.>...
..#.###.#.#...#...##
#.⌠.###.⌠.#..####
#{#.###.#......
#@#.#.## .....
##.⌠.## .... #.#.##
... #.#.## .. #.8.# .
..#.# ...## ##. #


There were no monsters in sight!

Vanquished Creatures
  Natasha (thrice) (D:2)
  7 adders (D:2)
  A worm (D:2)
  A dart slug (D:1)
  6 bats
  3 endoplasms
  A giant cockroach (D:1)
  4 goblins
  7 hobgoblins
  3 jackals (D:2)
  4 kobolds
  A quokka (D:2)
  3 ball pythons
  2 rats
46 creatures vanquished.

Vanquished Creatures (others)
  13 plants (D:2)
13 creatures vanquished.

Grand Total: 59 creatures vanquished

Notes
Turn   | Place    | Note
-------+----------+-------------------------------------------
     0 | D:1      | NateTC the Hill Orc Gladiator began the quest for the Orb.
     0 | D:1      | Reached XP level 1. HP: 18/18 MP: 1/1
   295 | D:1      | Reached XP level 2. HP: 23/25 MP: 2/2
   321 | D:1      | Found a faded altar of an unknown god.
   447 | D:1      | Found Fuis's Jewellery Shoppe.
   551 | D:1      | Reached skill level 5 in Axes
  1072 | D:2      | Reached XP level 3. HP: 28/30 MP: 3/3
  1191 | D:2      | Reached skill level 6 in Axes
  1645 | D:2      | Noticed Natasha
  1654 | D:2      | Killed Natasha
  1655 | D:2      | Reached XP level 4. HP: 20/37 MP: 4/4
  1657 | D:2      | HP: 1/37 [adder (2)]
  1662 | D:2      | Reached skill level 7 in Axes
  1849 | D:2      | Noticed Natasha
  1862 | D:2      | Killed Natasha
  1863 | D:2      | Reached XP level 5. HP: 38/42 MP: 5/5
  1864 | D:2      | Noticed Natasha
  1874 | D:2      | Killed Natasha
  2193 | D:2      | Found Eskum's Jewellery Shop.
  2223 | D:2      | Reached skill level 8 in Axes
  2251 | D:2      | Noticed Sigmund
  2260 | D:2      | HP: 2/42 [something (11)]
  2262 | D:2      | Succumbed to an adder's poison

Illustrated notes

Levels and vault maps discovered:
D:1:      lightli_arrival_boilingwater, layout_loops_ring, serial_shops, shop,
          ebering_ecumenical_altar_sacrificial
D:2:      layout_rooms, serial_shops, nicolae_shop_hallway_plus,
          minmay_misc_feat_four_crosses, grunt_ministairs_12, nrook_uturn,
          chequers_big_river, grunt_decor_mini_mirrors, uniq_natasha,
          uniq_sigmund

Skill      XL: |  1  2  3  4  5 |
---------------+----------------+-----
Axes           | 5 6 7 8 |  8.1
Fighting       | |  2.4
Throwing       | |  1.7
Dodging        | |  2.4

Action                   |  1- 3 |  4- 6 || total
-------------------------+-------+-------++-------
Melee: War axe           |    85 |    67 ||   152
Throw: Throwing net      |     3 |       ||     3
  Use: Scroll            |     2 |       ||     2
       Potion            |       |     2 ||     2
Armor: Leather armour    |    15 |       ||    15
       Scale mail        |    40 |    34 ||    74
Dodge: Dodged            |    76 |    51 ||   127

Table legend: (Time is in decaauts)
 A = Elapsed time spent in this place.
 B = Non-inter-level travel time spent in this place.
 C = Inter-level travel time spent in this place.
 D = Time resting spent in this place.
 E = Time spent auto-exploring this place.
 F = Levels seen in this place.
 G = Mean time per level.
                   A        B        C        D        E       F      G
               +--------+--------+--------+--------+--------+-----+--------+
         Total |   2307 |   2243 |     64 |    755 |   1033 |   2 | 1153.5 |
       Dungeon |   2307 |   2243 |     64 |    755 |   1033 |   2 | 1153.5 |
               +--------+--------+--------+--------+--------+-----+--------+

Top non-repeatable levels by time:
     D:2: 1232 daAuts
     D:1: 1075 daAuts
